 Dungeon Crawl Stone Soup version 0.30.1-9-gdf580d7c3d (webtiles) character file.

Game seed: 10207415620644969432

142459 Pooter the Executioner (level 16, 0/152 (167) HPs)
             Began as a Minotaur Berserker on Oct 18, 2023.
             Was a High Priest of Trog.
             Slain by a +3 flail of draining (4 damage)
             ... on level 2 of the Elven Halls on Oct 20, 2023.
             The game lasted 02:55:48 (40014 turns).

Pooter the Executioner (Minotaur Berserker)        Turns: 40014, Time: 02:55:48

HP:   0/152 (167)   AC: 23    Str: 40    XL:     16   Next: 80%
MP:   15/15         EV: 15    Int:  6    God:    Trog [*****.]
Gold: 286           SH:  5    Dex: 16    Spells: 15/15 levels left

rFire   . . .        a - +1 executioner's axe (venom)
rCold   . . .        (shield currently unavailable)
rNeg    . . .        p - +3 plate armour {rF+}
rPois   .            J - +1 hat {Stlth+}
rElec   .            z - +2 cloak of the Thief {*Fog Slay-2 SInv Stlth+}
rCorr   +            g - +0 pair of gloves of Creativity {rF- rCorr Dex+4 Slay+6}
SInv    +            (no boots)
Will    .....        H - amulet of reflection Stlth
                     V - ring of Koskefats {Will- EV+5 Str+8}
HPRegen 0.45/turn    U - +6 ring of strength
MPRegen 0.14/turn

%: reflection
@: drained
A: horns 2, retaliatory headbutt, talons 1, robust 1
a: Renounce Religion, Berserk, Trog's Hand, Brothers in Arms


You were on level 2 of the Elven Halls.
You worshipped Trog.
Trog was extremely pleased with you.
You visited 4 branches of the dungeon, and saw 24 of its levels.
You also visited: Sewer, Bailey, Gauntlet and Ice Cave.

You collected 2456 gold pieces.
You spent 2170 gold pieces at shops.

Inventory:

Hand Weapons
 a - a +1 executioner's axe of venom (weapon)
   (You acquired it on level 12 of the Dungeon)
 b - a +2 arbalest
   (You took it off an orc in a bailey)
 C - a +3 morningstar of holy wrath
   (You took it off Louise on level 1 of the Elven Halls)
 O - a +3 battleaxe of flaming
   (Trog gifted it to you on level 1 of the Elven Halls)
Missiles
 q - 7 silver javelins
 K - 6 curare-tipped darts
 Q - 32 boomerangs (quivered)
 X - 15 javelins
Armour
 g - the +0 pair of gloves of Creativity (worn) {rF- rCorr Dex+4 Slay+6}
   (You acquired it on level 2 of the Orcish Mines)

   Dex:       It affects your dexterity (+4).
   Slay:      It affects your accuracy & damage with ranged weapons and melee
   (+6).
   rF:        It makes you vulnerable to fire.
   rCorr:     It protects you from acid and corrosion.
 p - a +3 plate armour of fire resistance (worn)
   (You took it off an orc warrior on level 1 of the Orcish Mines)
 z - the +2 cloak of the Thief (worn) {*Fog Slay-2 SInv Stlth+}
   (You bought it in a shop on level 2 of the Orcish Mines)

   *Fog:      It may release a thick cloud of smoke when the wearer is hurt.
   Slay:      It affects your accuracy & damage with ranged weapons and melee
   (-2).
   SInv:      It lets you see invisible.
   Stlth:     It makes you more stealthy.
 J - a +1 hat of stealth (worn)
   (You found it in a Gauntlet)
Jewellery
 c - a ring of ice
   (You found it on level 1 of the Dungeon)
 i - the amulet "Rotual" {Fly rF- Regen+ Int+2 Dex+3}
   (You found it on level 1 of the Lair of Beasts)

   [amulet of regeneration]

   Int:       It affects your intelligence (+2).
   Dex:       It affects your dexterity (+3).
   rF:        It makes you vulnerable to fire.
   Fly:       It grants you flight.
   Regen:     It increases your rate of health regeneration.
 o - the amulet "Gal Gelie" {Acrobat Str+5}
   (You found it in a Gauntlet)

   [amulet of the acrobat]

   It increases your evasion while moving and waiting.
   Str:       It affects your strength (+5).
 y - the amulet "Miaty" {rC+ Regen+}
   (You found it in a Gauntlet)

   [amulet of regeneration]

   rC:        It protects you from cold.
   Regen:     It increases your rate of health regeneration.
 A - a ring of willpower
   (You found it in a bailey)
 F - a ring of protection from fire
   (You bought it in a shop on level 2 of the Orcish Mines)
 G - an amulet of guardian spirit
   (You found it on level 1 of the Lair of Beasts)
 H - an amulet of reflection (around neck)
   (You found it on level 5 of the Dungeon)
 N - a ring of positive energy
   (You found it on level 6 of the Dungeon)
 P - a ring of poison resistance
   (You took it off a minotaur in a Gauntlet)
 U - a +6 ring of strength (right hand)
   (You found it on level 12 of the Dungeon)
 V - the ring of Koskefats (left hand) {Will- EV+5 Str+8}
   (You bought it in a shop on level 1 of the Elven Halls)

   [ring of evasion]

   EV:        It affects your evasion (+5).
   Str:       It affects your strength (+8).
   Will:      It decreases your willpower.
Wands
 d - a wand of iceblast (19)
   (You took it off Ijyb on level 3 of the Dungeon)
 f - a wand of flame (47)
   (You found it on level 4 of the Dungeon)
 u - a wand of paralysis (17)
   (You found it in a sewer)
 x - a wand of acid (7)
   (You found it on level 1 of the Elven Halls)
 B - a wand of polymorph (6)
   (You found it in an ice cave)
 L - a wand of mindburst (32)
   (You found it on level 6 of the Dungeon)
Scrolls
 e - 7 scrolls of vulnerability {!r}
 h - 5 scrolls of fear
 j - 4 scrolls of noise {!r}
 k - 4 scrolls of silence
 n - 3 scrolls of magic mapping
 t - 11 scrolls of teleportation {@r4}
 v - 5 scrolls of summoning
 w - 2 scrolls of fog
 S - 3 scrolls of poison {!r}
 Z - 2 scrolls of blinking
Potions
 l - 4 potions of resistance
 m - 5 potions of flight
 r - 3 potions of attraction {!q}
 s - 9 potions of curing {@q1}
 D - 4 potions of heal wounds {@q2}
 E - 3 potions of haste {@q3}
 I - 2 potions of invisibility
 M - 5 potions of might
 R - 3 potions of lignification {!q}
 W - 2 potions of cancellation
Miscellaneous
 T - a condenser vane
   (You found it in an ice cave)
 Y - a box of beasts
   (You found it on level 10 of the Dungeon)


   Skills:
 + Level 16.4 Fighting
 * Level 22.0 Axes
 - Level 17.2 Ranged Weapons
 + Level 1.1 Throwing
 + Level 10.1 Armour
 - Level 2.1 Dodging
 - Level 9.6 Evocations


You had 15 spell levels left.
You didn't know any spells.
Your spell library was empty.

Dungeon Overview and Level Annotations

Branches:
Dungeon (15/15) Zot: 24262  Temple (0/1) D:5            Lair (5/5) D:11 Zot: 20614
 Shoals (0/4) Lair:3        Snake (0/4) Lair:3        Slime (0/5) Lair:5
    Orc (2/2) D:11 Zot: 7890     Elf (1/3) Orc:2 Zot: 11277  Vaults (0/5) D:14
 Depths (0/4) D:15          Sewer (visited)          Bailey (visited)
  IceCv (visited)         Gauntlet (visited)

Altars:
Ashenzari
Dithmenos
Makhleb
Nemelex Xobeh
Okawaru
Qazlal
Sif Muna
Yredelemnul
Jiyva

Shops:
Orc:1 ?   Orc:2 [*(*(   Elf:1 *!:?   Elf:2 *

Annotations:
D:8 3 transporters
Elf:2 3 runed translucent doors


Innate Abilities, Weirdness & Mutations

You have a pair of horns on your head.
You reflexively headbutt those who attack you in melee.
You have sharp toenails.
You are robust. (+10% HP)


Message History

The +0 arbalest falls from the air.
Trog accepts your kill.
Your Throwing skill increases to level 1!
Your +1 executioner's axe of venom stops dripping with poison.
b - a +2 arbalest (weapon)
Your skin stops crawling.
You feel less strong-willed.
Fire: b) +2 arbalest
Press: ? - help, Q - select action, (/) - cycle Shift-Dir - straight line, f - deep elf zephyrmancer
Aim: a deep elf zephyrmancer, wielding a +0 dagger (68% to hit)
You shoot a bolt.
The bolt closely misses the deep elf zephyrmancer.
The deep elf zephyrmancer casts a spell at you.
The bolt of lightning hits you!!
* * * LOW HITPOINT WARNING * * *
With a swish of your cloak, you release a cloud of fog.
The deep elf zephyrmancer gestures wildly while chanting.
The deep elf zephyrmancer blinks!
You hear a shout!
Aiming: Paralyse
Press: ? - help, Shift-Dir - straight line, f/p - deep elf zephyrmancer
Aim: a deep elf zephyrmancer, wielding a +0 dagger (chance to affect: 53%)
The deep elf zephyrmancer suddenly stops moving!
A +3 flail of draining comes into view.
Your +1 executioner's axe of venom begins to drip with poison!
a - a +1 executioner's axe of venom (weapon)
You are too injured to fight recklessly!
You see here a +0 arbalest.
Found Apsecl Veide's General Store.
The +3 flail of draining hits you!
* * * LOW HITPOINT WARNING * * *
You feel drained.
The helpless deep elf zephyrmancer fails to defend itself.
You cut the deep elf zephyrmancer into ribbons!!!
You kill the deep elf zephyrmancer!
Trog accepts your kill.
Trog appreciates your killing of a magic user.
You slash the +3 flail of draining! The +3 flail of draining hits you!
* * * LOW HITPOINT WARNING * * *
You feel drained.
* * * LOW HITPOINT WARNING * * *
You barely miss the +3 flail of draining.
Your kick misses the +3 flail of draining.
Your headbutt misses the +3 flail of draining.
The +3 flail of draining hits you!
* * * LOW HITPOINT WARNING * * *
You feel drained.
* * * LOW HITPOINT WARNING * * *
The +3 flail of draining hits you!
* * * LOW HITPOINT WARNING * * *
You feel drained.
You die...

,,,,,,..*,,* ##.........#*,,*
,,,,,,.#.,,* #...........*,,*
*,,,,,#...,*##§..........*,,*
,*,,,*....(##§§.§§§§.....,,,*
,,***,......+§§.§§§§.....,,,*
,,* *,......+.§§§§§§.....,,,*
,,***,......+..§§§§§.....,,,*
,*,,,*.....##§.§§§§§.....,,,*
*,,,,,#...,*##..@(§§..§..*,,*
,,,,,,.#.,,* #..§§§.§....*,,*
,,,,,,..*,,* ##.........#*,,*
,,,,,,.,,*,***###.....###*,,*
,,,,,,,,,,***,,,........,,,,*
,,,,,,,,,,***,,,,.......,,,,*
,,,,,,,,,*,**,,,,.......,,,,*
,,,,,,,,*,,**,,,,...∩...,,,,*
,,,,,,,*,,,**,,,,,,,,,,,,,,,*


You could see 2 dancing weapons.

Vanquished Creatures
  2 frost giants (IceCv)
  Louise (Elf:1)
  Nessos (D:12)
  A deep elf demonologist (Elf:1)
  A minotaur (Gauntlet)
  Azrael (D:13)
  A white draconian (IceCv)
  An ettin (D:15)
  A fire dragon (D:14)
  8 hydras
  2 vault guards (D:14)
  Erolcha (Orc:2)
  4 ironbound frosthearts (IceCv)
  5 boulder beetles
  A two-headed ogre (D:9)
  A death yak (Lair:2)
  2 tengu warriors
  A death scarab (Gauntlet)
  7 dancing weapons
  4 orc high priests
  A deep elf knight (Elf:1)
  5 skysharks
  A sixfirhy (Gauntlet)
  Lodul (D:10)
  2 deep trolls (D:15)
  An orange crystal statue (IceCv)
  7 orc knights
  4 wizards
  A deep elf archer (Elf:1)
  3 lindwurms
  12 deep elf zephyrmancers
  7 deep elf pyromancers
  An oklob plant (Lair:4)
  5 orc sorcerers
  17 ugly things
  9 cyclopes
  2 wolf spiders (Lair:1)
  10 elephants
  5 manticores
  An ice statue (D:14)
  The ghost of SweetJohnnyV the Chopper, a novice MiBe of Trog (D:5)
  4 black mambas
  30 cane toads
  2 torpor snails
  18 rime drakes
  9 komodo dragons
  2 tengu conjurers
  A yaktaur (D:15)
  A komodo dragon (shapeshifter) (D:15)
  17 blink frogs
  3 trolls
  Grinder (D:3)
  19 polar bears
  Prince Ribbit (D:7)
  2 tyrant leeches (Lair:5)
  A tarantella (Lair:1)
  13 dream sheep
  21 slime creatures
  2 jumping spiders (Lair:1)
  3 wraiths
  A spectral black mamba (Gauntlet)
  3 wyverns
  A shadow (D:12)
  75 yaks
  A human (shapeshifter) (D:15)
  4 basilisks
  3 fire elementals
  10 humans (D:14)
  8 vampire mosquitoes
  2 steam dragons
  Grum (D:7)
  5 wargs
  3 nagas (Lair:3)
  6 hell hounds (D:13)
  3 acid dragons
  11 water moccasins
  A black bear (D:5)
  Pargi (Sewer)
  3 sky beasts
  34 orc warriors
  17 wolves
  3 centaurs
  12 ogres
  4 kobold brigands
  14 bullfrogs
  2 scorpions
  7 gnoll sergeants
  13 wights
  8 killer bees
  A vampire bat (D:3)
  2 electric eels (Lair:5)
  11 howler monkeys
  2 lava snakes (Lair:1)
  11 hounds
  6 jellies
  13 orc priests
  2 sleepcaps
  3 gnoll boudas
  Ijyb (D:3)
  4 iguanas
  Natasha (twice) (D:2)
  4 hell rats (Lair:5)
  18 orc wizards
  Robin (D:3)
  43 gnolls
  12 adders
  2 river rats (D:4)
  4 shadow imps
  4 white imps
  5 ufetubi
  A worm (D:4)
  5 dart slugs
  6 fire bats
  72 orcs
  2 spectral bats (D:3)
  3 bat skeletons (D:3)
  A bat zombie (D:3)
  4 endoplasms
  4 giant cockroaches
  28 goblins
  11 hobgoblins
  19 jackals
  2 quokkas
  11 ball pythons
  11 bats
  A bat simulacrum (D:3)
  5 frilled lizards
  27 kobolds
  9 rats
921 creatures vanquished.

Vanquished Creatures (others)
  A wizard (Gauntlet)
  2 orc priests (Orc:2)
  2 orc wizards (Orc:2)
  A jackal (D:7)
6 creatures vanquished.

Grand Total: 927 creatures vanquished

Notes
Turn   | Place    | Note
-------+----------+-------------------------------------------
     0 | D:1      | Pooter the Minotaur Berserker began the quest for the Orb.
     0 | D:1      | Reached XP level 1. HP: 19/19 MP: 0/0
   219 | D:1      | Reached skill level 4 in Axes
   295 | D:1      | Reached XP level 2. HP: 24/27 MP: 1/1
   735 | D:1      | Reached XP level 3. HP: 33/33 MP: 2/2
  1135 | D:2      | Reached ** piety under Trog
  1167 | D:2      | Found a faded altar of an unknown god.
  1174 | D:2      | Reached skill level 5 in Axes
  1379 | D:2      | Found a burning altar of Makhleb.
  1565 | D:2      | Noticed Natasha
  1577 | D:2      | Killed Natasha
  1578 | D:2      | Reached XP level 4. HP: 22/41 MP: 3/3
  1798 | D:2      | Noticed Natasha
  1802 | D:2      | Killed Natasha
  2465 | D:3      | Noticed Ijyb
  2491 | D:3      | Killed Ijyb
  2492 | D:3      | Reached skill level 6 in Axes
  2492 | D:3      | Reached XP level 5. HP: 47/47 MP: 4/4
  2497 | D:3      | Reached skill level 5 in Fighting
  2554 | D:3      | Noticed Grinder
  2563 | D:3      | Killed Grinder
  2564 | D:3      | Reached skill level 7 in Axes
  2564 | D:3      | Reached XP level 6. HP: 57/57 MP: 5/5
  2890 | D:3      | Noticed Robin
  2904 | D:3      | Killed Robin
  3160 | D:3      | Reached skill level 8 in Axes
  3160 | D:3      | Reached skill level 1 in Ranged Weapons
  3163 | D:3      | Reached XP level 7. HP: 63/63 MP: 6/6
  3183 | D:3      | Reached *** piety under Trog
  3305 | D:4      | Found a stormy altar of Qazlal.
  3680 | D:4      | Found a glowing drain.
  3686 | Sewer    | Entered a sewer
  3800 | Sewer    | Noticed Pargi
  3811 | Sewer    | Killed Pargi
  4009 | D:4      | Reached skill level 9 in Axes
  4351 | D:4      | Reached XP level 8. HP: 71/71 MP: 7/7
  4787 | D:5      | Entered Level 5 of the Dungeon
  5498 | D:5      | Reached **** piety under Trog
  5594 | D:5      | Found a staircase to the Ecumenical Temple.
  5623 | D:5      | Reached skill level 5 in Ranged Weapons
  5656 | D:5      | Found a runed translucent gate.
  5656 | D:5      | Found a runed translucent gate.
  5656 | D:5      | Found a runed translucent gate.
  5660 | D:5      | Noticed SweetJohnnyV's ghost (novice MiBe)
  5673 | D:5      | Found a basalt altar of Yredelemnul.
  5726 | D:5      | Found a sparkling altar of Nemelex Xobeh.
  5729 | D:5      | Found an iron altar of Okawaru.
  5729 | D:5      | Found a burning altar of Makhleb.
  5749 | D:5      | Found a shimmering blue altar of Sif Muna.
  5771 | D:5      | Reached skill level 10 in Axes
  6340 | D:6      | Found a broken altar of Ashenzari.
  6749 | D:6      | Reached XP level 9. HP: 81/81 MP: 8/8
  7162 | D:7      | Reached skill level 11 in Axes
  7869 | D:7      | Noticed Prince Ribbit
  7882 | D:7      | Killed Prince Ribbit
  7918 | D:7      | Reached skill level 12 in Axes
 10004 | D:7      | Reached XP level 10. HP: 79/91 MP: 9/9
 11110 | D:7      | Noticed Grum
 11125 | D:7      | Killed Grum
 13162 | D:8      | Reached ***** piety under Trog
 13204 | D:8      | Found a transporter.
 13209 | D:8      | Found a transporter.
 13354 | D:8      | Found a transporter.
 13528 | D:8      | Found a transporter.
 13737 | D:9      | Reached skill level 13 in Axes
 13936 | D:9      | Reached skill level 10 in Ranged Weapons
 14073 | D:9      | Received a gift from Trog
 14311 | D:9      | Reached skill level 10 in Fighting
 14540 | D:9      | Noticed a two-headed ogre
 14550 | D:9      | Killed a two-headed ogre
 14551 | D:9      | Reached XP level 11. HP: 68/101 MP: 10/10
 14803 | D:9      | Reached skill level 14 in Axes
 15209 | D:10     | Entered Level 10 of the Dungeon
 15444 | D:10     | Noticed Lodul
 15460 | D:10     | Killed Lodul
 15494 | D:10     | Found a flagged portal.
 15512 | Bailey   | Entered a bailey
 15981 | Bailey   | Noticed an orc knight
 15992 | Bailey   | Killed an orc knight
 16253 | Bailey   | Reached skill level 15 in Axes
 16253 | Bailey   | Reached XP level 12. HP: 111/111 MP: 11/11
 16959 | D:11     | Reached skill level 16 in Axes
 17541 | D:11     | Found a staircase to the Orcish Mines.
 17604 | D:11     | Found a staircase to the Lair.
 18886 | D:11     | Gained mutation: Your flesh is heat resistant. (rF+)
                  | [potion of mutation]
 18886 | D:11     | Gained mutation: Your spells are a little harder to cast,
                  | but a little more powerful. [potion of mutation]
 18886 | D:11     | Gained mutation: Your mind is acute. (Int +4, Str/Dex -1)
                  | [potion of mutation]
 18887 | D:11     | Lost mutation: Your mind is acute. (Int +4, Str/Dex -1)
                  | [potion of mutation]
 18887 | D:11     | Lost mutation: Your spells are a little harder to cast, but
                  | a little more powerful. [potion of mutation]
 18887 | D:11     | Gained mutation: Your system is resistant to poisons.
                  | (rPois) [potion of mutation]
 18887 | D:11     | Gained mutation: You sometimes lose your temper in combat.
                  | [potion of mutation]
 18888 | D:11     | Lost mutation: Your system is resistant to poisons. (rPois)
                  | [potion of mutation]
 18888 | D:11     | Lost mutation: Your flesh is heat resistant. (rF+) [potion
                  | of mutation]
 18888 | D:11     | Gained mutation: Your system is resistant to poisons.
                  | (rPois) [potion of mutation]
 18888 | D:11     | Gained mutation: You are robust. (+10% HP) [potion of
                  | mutation]
 18889 | D:11     | Lost mutation: Your system is resistant to poisons. (rPois)
                  | [potion of mutation]
 18889 | D:11     | Lost mutation: You sometimes lose your temper in combat.
                  | [potion of mutation]
 18889 | D:11     | Gained mutation: You have sharp toenails. [potion of
                  | mutation]
 18905 | Lair:1   | Entered Level 1 of the Lair of Beasts
 19408 | Lair:1   | Reached XP level 13. HP: 129/129 MP: 12/12
 19985 | Lair:1   | Found a runed translucent door.
 20030 | Lair:1   | Identified the +6 whip "Cusiheso" {freeze, MP+9}
 20122 | Lair:1   | Found a runed translucent gate.
 20122 | Lair:1   | Found a runed translucent gate.
 20122 | Lair:1   | Found a runed translucent gate.
 20122 | Lair:1   | Found a runed translucent gate.
 20122 | Lair:1   | Found a runed translucent gate.
 20122 | Lair:1   | Found a runed translucent gate.
 20462 | Lair:2   | Reached skill level 17 in Axes
 20803 | Lair:2   | Identified the +6 sling of the Vase {speed, rN+ Dex+3 SInv}
 21554 | Lair:2   | Reached skill level 5 in Evocations
 22973 | Lair:3   | Reached skill level 15 in Ranged Weapons
 23143 | Lair:3   | Found a staircase to the Snake Pit.
 23412 | Lair:3   | Found a staircase to the Shoals.
 23701 | Lair:3   | Reached skill level 18 in Axes
 23920 | Lair:4   | Reached XP level 14. HP: 120/141 MP: 9/13
 24123 | Lair:4   | Identified the +1 ring mail of Past Mistakes {Str+2}
 24768 | Lair:5   | Entered Level 5 of the Lair of Beasts
 26251 | Lair:5   | Reached skill level 19 in Axes
 26287 | Lair:5   | Found a viscous altar of Jiyva.
 26288 | Lair:5   | Found a staircase to the Slime Pits.
 26552 | Lair:5   | Reached skill level 5 in Armour
 28032 | Orc:1    | Entered Level 1 of the Orcish Mines
 28040 | Orc:1    | Found Pitsiy Hyppi's Magic Scroll Boutique.
 28090 | Orc:1    | Bought a scroll of blinking for 112 gold pieces
 28090 | Orc:1    | Bought a scroll of noise for 15 gold pieces
 28090 | Orc:1    | Bought a scroll of teleportation for 45 gold pieces
 28090 | Orc:1    | Bought a scroll of identify for 30 gold pieces
 28090 | Orc:1    | Bought 2 scrolls of teleportation for 90 gold pieces
 28090 | Orc:1    | Bought a scroll of identify for 30 gold pieces
 28440 | Orc:2    | Entered Level 2 of the Orcish Mines
 28442 | Orc:2    | Noticed Erolcha
 28538 | Orc:2    | Killed Erolcha
 28897 | Orc:1    | Reached XP level 15. HP: 152/152 MP: 14/14
 29791 | Orc:2    | Found Ibesakerph's Antique Weapon Shop.
 29795 | Orc:2    | Bought a glowing battleaxe for 209 gold pieces
 30713 | Orc:2    | Found a staircase to the Elven Halls.
 30735 | Elf:1    | Entered Level 1 of the Elven Halls
 31916 | Orc:2    | Found Jerit's Weapon Shop.
 31916 | Orc:2    | Found Xeasem's Assorted Antiques.
 31918 | Orc:2    | Found Faferev's Assorted Antiques.
 31918 | Orc:2    | Found Gowol's Armour Shop.
 31924 | Orc:2    | Bought a potion of curing for 90 gold pieces
 31926 | Orc:2    | Bought a brass ring for 135 gold pieces
 31926 | Orc:2    | Bought a scroll labelled XUTOSAWNOHOR for 27 gold pieces
 31927 | Orc:2    | Acquired the +0 pair of gloves of Creativity {rF- rCorr
                  | Dex+4 Slay+6}
 31942 | Orc:2    | Bought the +2 cloak of the Thief {*Fog Slay-2 SInv Stlth+}
                  | for 301 gold pieces
 31942 | Orc:2    | Found the +2 cloak of the Thief {*Fog Slay-2 SInv Stlth+}
 32078 | D:12     | Found a gate leading to a gauntlet.
 32087 | Gauntlet | Entered a Gauntlet
 32087 | Gauntlet | Found a transporter.
 32087 | Gauntlet | Found a runed translucent door.
 32088 | Gauntlet | Found a runed translucent door.
 32094 | Gauntlet | Found a transporter.
 32096 | Gauntlet | Found a transporter.
 32132 | Gauntlet | Reached skill level 20 in Axes
 32139 | Gauntlet | Identified the amulet "Gal Gelie" {Acrobat Str+5}
 32225 | Gauntlet | Found a transporter.
 32253 | Gauntlet | Found a transporter.
 32253 | Gauntlet | Found a transporter.
 32500 | Gauntlet | Found a transporter.
 32530 | Gauntlet | Found a transporter.
 32577 | Gauntlet | Found a transporter.
 32580 | Gauntlet | Identified the amulet "Miaty" {rC+ Regen+}
 32600 | Gauntlet | Identified the +8 war axe of Evolution {pain, rC+ Will+
                  | SInv}
 32728 | D:12     | Noticed Nessos
 32739 | D:12     | Killed Nessos
 33011 | D:12     | Acquired a +1 executioner's axe of venom
 33025 | D:12     | Reached skill level 15 in Fighting
 33479 | D:13     | Noticed Azrael
 33498 | D:13     | Killed Azrael
 33916 | D:13     | You fall into a shaft and drop 2 floors!
 33916 | D:15     | Entered Level 15 of the Dungeon
 34014 | D:14     | Found a gate to the Vaults.
 34228 | D:14     | Found a frozen archway.
 34241 | IceCv    | Entered an ice cave
 36099 | IceCv    | Reached XP level 16. HP: 155/163 MP: 15/15
 36130 | IceCv    | Reached skill level 21 in Axes
 36651 | D:14     | Found a shadowy altar of Dithmenos.
 37143 | D:13     | Identified the +2 falchion "Oxtairok" {drain, Str+2 Int+2
                  | Dex-5}
 38164 | D:15     | Found a staircase to the Depths.
 38783 | D:5      | Killed SweetJohnnyV's ghost
 39136 | Lair:1   | Identified the amulet "Rotual" {Fly rF- Regen+ Int+2 Dex+3}
 39367 | Elf:1    | Found Megotagh's Assorted Antiques.
 39614 | Elf:1    | Bought a slimy wooden ring for 165 gold pieces
 39614 | Elf:1    | Identified the ring of Koskefats {Will- EV+5 Str+8} (You
                  | bought it in a shop on level 1 of the Elven Halls)
 39614 | Elf:1    | Bought a scroll of poison for 132 gold pieces
 39614 | Elf:1    | Bought a potion of might for 132 gold pieces
 39646 | Elf:1    | Found Ynaun's Magic Scroll Emporium.
 39660 | Elf:1    | Received a gift from Trog
 39680 | Elf:1    | Bought a scroll of enchant armour for 97 gold pieces
 39680 | Elf:1    | Bought a scroll of magic mapping for 97 gold pieces
 39680 | Elf:1    | Bought a scroll of summoning for 123 gold pieces
 39722 | Elf:1    | Found Maj Dooh's Book Shop.
 39944 | Elf:1    | Found Sidwoeq's Distillery.
 39953 | Elf:1    | Bought a potion of might for 40 gold pieces
 39953 | Elf:1    | Bought a potion of mutation for 80 gold pieces
 39953 | Elf:1    | Bought 2 potions of heal wounds for 100 gold pieces
 39953 | Elf:1    | Bought a potion of heal wounds for 50 gold pieces
 39953 | Elf:1    | Bought a potion of flight for 30 gold pieces
 39953 | Elf:1    | Bought a potion of might for 40 gold pieces
 39954 | Elf:1    | Noticed Louise
 39969 | Elf:1    | Killed Louise
 39992 | Elf:1    | Reached skill level 10 in Armour
 39992 | Elf:1    | You fall into a shaft and drop 1 floor!
 39992 | Elf:2    | Found a runed translucent gate.
 39992 | Elf:2    | Found a runed translucent gate.
 39992 | Elf:2    | Found a runed translucent gate.
 40005 | Elf:2    | Reached skill level 22 in Axes
 40006 | Elf:2    | Reached skill level 1 in Throwing
 40012 | Elf:2    | Found Apsecl Veide's General Store.
 40014 | Elf:2    | HP: 4/156 [+3 flail of draining (13)]
 40014 | Elf:2    | Slain by a +3 flail of draining

Illustrated notes

Levels and vault maps discovered:
D:1:      sevenhm_arrival_forest_fort_small_6, layout_loops_ring, serial_forest,
          infiniplex_forest_corner_1, infiniplex_forest_clump_small,
          infiniplex_forest_end_2, infiniplex_forest_fountain,
          infiniplex_forest_clump_large, infiniplex_forest_clump_curved,
          infiniplex_forest_clump_small, infiniplex_forest_clump_curved,
          infiniplex_forest_clump_curved, dk_noncrumbling_2
D:2:      layout_basic, basic_altar, nicolae_ecumenical_snake_handling,
          grunt_ministairs_3, kennysheep_boxes, uniq_natasha
D:3:      layout_loops_ring, goddamned_bats, uniq_robin, uniq_grinder, uniq_ijyb
D:4:      minmay_opposing_rooms, layout_loops_corners,
          overflow_temple_1_default, portal_sewer_entry_e,
          nicolae_zen_rock_garden
D:5:      layout_loops_corners, nicolae_overflow_hallway_of_the_gods,
          minmay_temple_entry_mist, ebering_ghost_rock_garden,
          nicolae_figureground_sparkle
D:6:      layout_basic, overflow_temple_1_default
D:7:      corexii_shantytown, layout_cave_pools, serial_gnoll_camp,
          gnoll_camp_huts_moat, grums_kennel, gnoll_camp_mini_doghouse,
          gnoll_camp_mini_basic, gnoll_camp_mini_house, uniq_prince_ribbit1
D:8:      layout_loops_cross, nicolae_transporter_intersection
D:9:      layout_gridville
D:10:     layout_roguey, enter_bailey_5, uniq_lodul
D:11:     layout_cave_pods, lair_entry_dummy, david_orc_2
D:12:     layout_rooms, gauntlet_entry_generic, uniq_nessos
D:13:     layout_big_octagon, uniq_azrael
D:14:     layout_basic, ximxim_vaults_locker_room,
          portal_ice_cave_entry_ice_statue_one,
          nicolae_dithmenos_through_a_glass_darkly
D:15:     hangedman_depths_entry_civil_slaughter, layout_basic, serial_curves,
          eino_curves_01, eino_curves_03, eino_curves_01, nrook_uturn
Lair:1:   gammafunk_indiana_jones, layout_cave_pods
Lair:2:   nzn_winding_woodlands_three_and_one
          [nzn_winding_woodlands_5x15_crooked,
          nzn_winding_woodlands_5x15_sawtooth,
          nzn_winding_woodlands_5x15_garden,
          nzn_winding_woodlands_center_diamonds], layout_gridlike, minivault_19,
          st_stairs_10, lemuel_fruit_fields, serial_bayou_shore_b
Lair:3:   layout_cave_pods, elwin_shoals_entry_rocks, nicolae_snake_entry_squirm
Lair:4:   layout_gridlike, st_stairs_5
Lair:5:   minmay_lair_end_frog_pond, layout_regular_city,
          nicolae_slime_entry_slimehenge, nicolae_volcano_entry_batcave,
          serial_bayou_shore_b
Orc:1:    layout_caves, serial_shops, shop
Orc:2:    grunt_orc_tribal_feast, layout_caves, serial_shops,
          nicolae_shop_back_alley_shop, uniq_erolcha
Elf:1:    minmay_elf_arrival_summoners, layout_rooms, serial_shops,
          nicolae_shop_trees, shop, nicolae_shop_advertising_works
          [nicolae_subvault_shop_adworks], shop, shop, minmay_elf_demonology,
          uniq_louise
Elf:2:    nicolae_elf_blades_splatter_lattice [nicolae_blade_bullseye],
          layout_onion_city, serial_shops, shop, dk_noncrumbling_3,
          minmay_misc_feat_alley

Skill      XL: |  1  2  3  4  5  6  7  8  9 10 11 12 13 14 15 16 |
---------------+-------------------------------------------------+-----
Axes           | 4 5 6 7 8 9 10 12 13 15 16 18 19 20 22 | 22.0
Fighting       | 4 5 6 7 9 10 11 12 13 14 15 16 | 16.4
Ranged Weapons | 1 3 6 8 10 12 13 15 16 17 | 17.2
Evocations     | 2 3 5 7 8 9 |  9.6
Armour         | 5 8 10 | 10.1
Throwing       | 1 |  1.1
Dodging        | |  2.1

Action                     |  1- 3 |  4- 6 |  7- 9 | 10-12 | 13-15 | 16-18 || total
---------------------------+-------+-------+-------+-------+-------+-------++-------
  Melee: Hand axe          |    86 |    17 |       |       |       |       ||   103
         Headbutt          |    18 |    12 |    49 |    51 |   172 |    50 ||   352
         Dire flail        |       |    54 |    66 |       |     2 |       ||   122
         War axe           |       |       |   212 |   105 |       |       ||   317
         Punch             |       |       |     1 |     1 |       |       ||     2
         Battleaxe         |       |       |       |   162 |   579 |       ||   741
         Executioner's axe |       |       |       |       |   159 |   200 ||   359
         Kick              |       |       |       |       |    68 |    74 ||   142
   Fire: Sling             |       |       |     2 |       |    26 |       ||    28
         Shortbow          |       |       |   202 |   281 |     9 |       ||   492
         Arbalest          |       |       |       |    10 |   334 |    58 ||   402
  Throw: Boomerang         |       |       |       |       |     2 |     4 ||     6
         Dart              |       |       |       |       |    24 |       ||    24
 Invoke: Berserk           |     1 |     2 |     8 |     6 |    25 |     4 ||    46
         Trog's Hand       |       |     2 |    10 |    11 |    32 |     5 ||    60
         Brothers in Arms  |       |       |       |       |       |     1 ||     1
  Evoke: Wand              |       |     1 |     4 |     6 |    12 |     5 ||    28
         Box of beasts     |       |       |       |       |     1 |       ||     1
    Use: Scroll            |     4 |     1 |     8 |    11 |    22 |     4 ||    50
         Potion            |       |       |       |     6 |     3 |     2 ||    11
   Stab: Invisible         |       |       |       |     2 |     1 |       ||     3
         Paralysed         |       |       |       |       |     2 |     1 ||     3
 Armour: Animal skin       |    22 |     5 |       |       |       |       ||    27
         Scale mail        |       |    39 |    64 |       |       |       ||   103
         Chain mail        |       |       |   138 |   113 |    30 |    71 ||   352
         Plate armour      |       |       |       |    45 |   570 |    29 ||   644
  Dodge: Dodged            |    52 |    51 |   179 |   149 |   315 |    90 ||   836
  Block: Other             |       |       |    53 |    76 |    72 |    14 ||   215
         Reflection        |       |       |     3 |    21 |     4 |     7 ||    35
